 Dungeon Sprint DCSS version 0.17-b1-36-g7b1967c (webtiles) character file.

90 hexophile the Cleaver (level 4, -1/23 HPs)
             Began as a Vine Stalker Berserker on Nov 6, 2015.
             Was a Believer of Trog.
             Slain by a river rat (9 damage)
             ... in the Dungeon (Sprint VII: "The Pits").
             The game lasted 00:00:46 (92 turns).

hexophile the Cleaver (Vine Stalker Berserker)        Turns: 92, Time: 00:00:46

Health: -1/23      AC:  2    Str: 20    XL:     4   Next: 56%
Magic:  0/5        EV: 12    Int:  7    God:    Trog [**....]
Gold:   0          SH:  0    Dex: 14    Spells: 0 memorised, 3 levels left

rFire  . . .     SeeInvis .     j - +2 hand axe
rCold  . . .     Clarity  .     b - +0 animal skin
rNeg   . . .     SustAt   .     (no shield)
rPois  .         Gourm    .     (no helmet)
rElec  .         Spirit   +     (no cloak)
rCorr  .         Warding  .     (no gloves)
rMut   .         NoTele   +     (no boots)
MR     ++...                    (no amulet)
Stlth  +.........               (no ring)
                                (no ring)

@: exhausted, regenerating, slowed, very slow, very resistant to hostile
enchantments, very unstealthy
A: fangs 2, regeneration 1, magic shield, antimagic bite, no device heal 3, rot
immunity
a: Berserk, Trog's Hand, Burn Spellbooks, Renounce Religion


You were in the Dungeon.
You worshipped Trog.
Trog was pleased with you.
You were not hungry.

You visited 1 branch


Innate Abilities, Weirdness & Mutations

You have extremely sharp teeth.
Your natural rate of healing is unusually fast.
When hurt, damage is shared between your health and your magic reserves.
Your bite disrupts and absorbs the magic of your enemies.
Potions and wands cannot restore your health.
You are immune to rotting.

Inventory:

Hand Weapons
 j - a +2 hand axe (weapon)
Armour
 b - a +0 animal skin (worn)
Scrolls
 i - a scroll of blinking
 m - 3 scrolls of remove curse
 n - a scroll of summoning
 o - 2 scrolls of vulnerability
Potions
 d - a potion of curing
 e - a potion of heal wounds
 f - a potion of haste
 g - 4 potions of magic
 h - 3 potions of berserk rage
 l - 2 potions of invisibility
Comestibles
 a - 40 fruits
 c - a chunk of flesh
 k - 7 meat rations
 r - 8 bread rations


You had 3 spell levels left.
You didn't know any spells.


   Skills:
 - Level 2.6 Fighting
 + Level 8.3 Axes
 - Level 1.5 Armour
 - Level 1.5 Dodging

Dungeon Overview and Level Annotations

Branches:
Dungeon (1/1)

Altars:
Dithmenos
Kikubaaqudgha
Makhleb
Nemelex Xobeh
Ru
Sif Muna
Trog
Xom
Yredelemnul
Zin
The Shining One
Jiyva
Lugonu

Vault maps used:
D:        pitsprint
You       could see a giant eyeball and a river rat.


Message History

You closely miss the river rat.
The jackal barks!
Your bite misses the river rat.
The giant eyeball turns its gaze towards you.
The river rat barely misses you.
Unknown command.
You closely miss the jackal. Your bite misses the jackal.
You hit the river rat but do no damage. The jackal barely misses you.
The river rat barely misses you. The jackal closely misses you.
The river rat twitches its whiskers.
The river rat closely misses you.
You closely miss the jackal. You bite the jackal. You drain its power.
You feel invigorated.
The jackal is severely wounded.
You closely miss the river rat. The jackal barely misses you.
The jackal bites you. The river rat bites you.
* * * LOW HITPOINT WARNING * * *
You lost 2 HP.
You have now: 8/23 HP.
Your skin crawls.
You feel resistant to hostile enchantments.
You feel slightly more hungry. The jackal completely misses you.
The river rat barely misses you. The jackal closely misses you.
Restored 2 HP.
You have now: 10/23 HP.
Unknown command.
You slash the jackal!
You kill the jackal!
Trog accepts your kill.
You hit the river rat.
The river rat is lightly wounded.
The river rat closely misses you. The river rat misses you.
Unknown command.
The river rat bites you. The giant eyeball gazes at you.
You suddenly lose the ability to move!
The river rat bites you.
* * * LOW HITPOINT WARNING * * *
The river rat bites you.
You can move again.
You see here a jackal corpse.
You lost 1 HP.
You have now: 10/23 HP.
You slash the giant eyeball!
The giant eyeball is severely wounded.
You barely miss the river rat.
The river rat is lightly wounded.
You feel the effects of Trog's Hand fading.
The river rat bites you.
* * * LOW HITPOINT WARNING * * *
The river rat bites you!
* * * LOW MAGIC WARNING * * *
You die...

Action                   |  1- 3 |  4- 6 || total
-------------------------+-------+-------++-------
Melee: Hand axe          |     8 |     6 ||    14
Invok: Berserk           |     2 |       ||     2
       Trog's Hand       |       |     1 ||     1

Notes
Turn   | Place    | Note
--------------------------------------------------------------
     0 | D        | hexophile the Vine Stalker Berserker began the quest for the Orb.
     0 | D        | Reached XP level 1. HP: 11/11 MP: 2/2
     9 | D        | Noticed a worker ant
    17 | D        | Killed a worker ant
    17 | D        | Reached skill level 5 in Axes
    17 | D        | Reached XP level 2. HP: 4/16 MP: 1/3
    49 | D        | Found a sacrificial altar of Ru.
    49 | D        | Found a basalt altar of Yredelemnul.
    49 | D        | Found a shadowy altar of Dithmenos.
    49 | D        | Found a deep blue altar of Sif Muna.
    49 | D        | Found a burning altar of Makhleb.
    49 | D        | Found a shimmering altar of Xom.
    49 | D        | Found an ancient bone altar of Kikubaaqudgha.
    49 | D        | Found a sparkling altar of Nemelex Xobeh.
    50 | D        | Found a glowing golden altar of the Shining One.
    50 | D        | Found a glowing silver altar of Zin.
    58 | D        | Found a bloodstained altar of Trog.
    58 | D        | Found a corrupted altar of Lugonu.
    58 | D        | Found a viscous altar of Jiyva.
    70 | D        | Noticed a brain worm
    75 | D        | Killed a brain worm
    75 | D        | Reached skill level 8 in Axes
    75 | D        | Reached XP level 3. HP: 9/19 MP: 1/4
    75 | D        | Reached XP level 4. HP: 10/23 MP: 1/5
    82 | D        | Reached ** piety under Trog
    89 | D        | Paralysed by a giant eyeball for 3 turns
    92 | D        | Slain by a river rat

Table legend:
 A = Turns spent in this place as a percentage of turns spent in the entire game.
 B = Non-inter-level travel turns spent in this place as a percentage of non-inter-level travel turns spent in the entire game.
 C = Inter-level travel turns spent in this place as a percentage of turns spent in this place.
 D = Turns resting spent in this place as a percentage of non-inter-level travel turns spent in this place.
 E = Turns spent auto-exploring this place as a percentage of non-inter-level travel turns spent in this place.
 F = Non-inter-level travel turns spent in this place divided by the number of levels of this place that you've seen.
                   A       B       C       D       E      F
               +-------+-------+-------+-------+-------+----------------------
         Total | 100.0 | 100.0 |   0.0 |   5.3 |   0.0 |  94.0
       Dungeon | 100.0 | 100.0 |   0.0 |   5.3 |   0.0 |  94.0
               +-------+-------+-------+-------+-------+----------------------

Table legend:
 A = Kills in this place as a percentage of kills in entire the game.
 B = Kills by you in this place as a percentage of kills by you in the entire game.
 C = Kills by friends in this place as a percentage of kills by friends in the entire game.
 D = Other kills in this place as a percentage of other kills in the entire game.
 E = Experience gained in this place as a percentage of experience gained in the entire game.
 F = Experience gained in this place divided by the number of levels of this place that you have seen.
                   A       B       C       D       E      F
               +-------+-------+-------+-------+-------+----------------------
         Total | 100.0 | 100.0 |  -nan |  -nan | 100.0 | 129.0
       Dungeon | 100.0 | 100.0 |  -nan |  -nan | 100.0 | 129.0
               +-------+-------+-------+-------+-------+----------------------

Vanquished Creatures
  A brain worm (D)
  A worker ant (D)
  A bat skeleton (D)
  2 jackals (D)
5 creatures vanquished.
